Map: Oxide LE

Players

HeroMarine - Winner!

  • Race: Terran Terran

Vanya

  • Race: Zerg Zerg

Event: DreamHack SC2 Masters 2021 Winter

VOD

Have the link to the VOD?

Description

Time

  • Played on: Sept. 30, 2021, 12:06 p.m.
  • Length: 18:07

All games in this series

Show
View Real Time Build Order
Export as new Build Order

HeroMarine Terran - Winner!

Build Orders: Reaper Expand 

Get SALT Encoding   

  12  0:00  SCV  
  13  0:12  SCV  
  14  0:17  Supply Depot  
  14  0:24  SCV  
  15  0:38  SCV  
  15  0:39  Barracks  
  16  0:43  Refinery  
  16  0:50  SCV  
  17  1:03  SCV  
  18  1:15  SCV  
  19  1:26  Reaper  
  19  1:27  Orbital Command  
  20  1:38  Command Center  
  20  1:47  Supply Depot  
  20  1:52  SCV  
  21  1:58  Marine  
  22  2:04  SCV  
  23  2:11  Factory  
  23  2:16  SCV  
  23  2:20  Barracks Reactor  
  24  2:29  SCV  
  25  2:41  SCV  
  25  2:42  Command Center  
  26  2:50  Orbital Command  
  26  2:53  SCV  
  27  3:03  Hellion x2  
  27  3:05  SCV  
  32  3:06  Barracks Tech Lab  
  32  3:12  Barracks  
  32  3:17  SCV x2  
  34  3:24  Hellion x2  
  38  3:30  SCV x2  
  38  3:31  Marine  
  38  3:33  Stimpack  
  41  3:38  Refinery  
  41  3:42  SCV x2  
  43  3:49  Marine  
  43  3:54  SCV x2, Orbital Command  
  46  4:00  Starport  
  46  4:02  Factory Reactor  
  46  4:06  SCV x2, Marine x2  
  46  4:07  Marine  
  51  4:13  Supply Depot  
  51  4:18  SCV x2  
  51  4:20  Refinery  
  51  4:21  SCV  
  54  4:24  Marine x2  
  54  4:25  Marine  
  54  4:30  SCV x2  
  59  4:33  SCV  
  59  4:36  Supply Depot  
  60  4:38  Refinery  
  60  4:42  SCV, Marine x3  
  60  4:43  SCV  
  60  4:45  Orbital Command  
  65  4:53  Supply Depot, Engineering Bay  
  65  4:54  Medivac x2  
  65  4:57  SCV x2  
  65  4:58  Engineering Bay  
  71  5:00  Factory Tech Lab, Marine x3  
  71  5:06  Barracks  
  74  5:09  SCV x2  
  74  5:13  SCV  
  77  5:19  Terran Infantry Weapons Level 1  
  77  5:21  SCV x2, Marine x3  
  78  5:24  Terran Infantry Armor Level 1  
  78  5:25  SCV  
  82  5:33  SCV x2  
  82  5:34  Supply Depot  
  84  5:36  Supply Depot, Starport Reactor  
  84  5:37  SCV, Siege Tank  
  84  5:38  Marine  
  89  5:43  Marine  
  89  5:45  Supply Depot  
  89  5:46  SCV x2  
  89  5:48  Marine  
  93  5:56  SCV, Marine  
  95  5:57  Supply Depot  
  95  5:58  SCV x2  
  95  6:01  Marine x2  
  95  6:02  Marine  
  95  6:04  Combat Shield  
  96  6:06  Marine  
  96  6:08  SCV  
  96  6:10  SCV x2, Siege Tank  
  103  6:12  Supply Depot  
  103  6:13  Supply Depot  
  103  6:14  Marine  
  104  6:18  Medivac  
  104  6:19  Marine x3  
  104  6:20  Supply Depot, SCV, Medivac  
  104  6:22  SCV  
  104  6:24  SCV  
  114  6:31  Marine  
  114  6:32  SCV, Marine  
  115  6:34  SCV  
  115  6:36  SCV  
  115  6:37  Marine x2  
  115  6:38  Barracks  
  115  6:39  Marine, Barracks  
  120  6:48  Siege Tank  
  120  6:49  Marine  
  120  6:50  Marine  
  120  6:52  Medivac x2  
  129  6:54  Marine  
  129  6:55  SCV x2  
  129  6:56  Refinery  
  129  6:57  Refinery  
  132  7:01  Armory  
  132  7:02  Marine  
  132  7:03  Marine  
  132  7:06  Marine  
  132  7:08  Factory  
  133  7:10  Supply Depot  
  133  7:12  Supply Depot  
  133  7:13  Marine x2  
  132  7:24  Marine x3  
  132  7:26  Medivac x2  
  132  7:27  Siege Tank  
  132  7:28  Barracks Reactor  
  142  7:31  Barracks Reactor, Marine  
  142  7:34  SCV x2  
  132  7:40  Sensor Tower  
  132  7:42  Marine x2  
  132  7:43  Command Center, Marine x2  
  136  7:49  Terran Infantry Weapons Level 2  
  136  7:50  Marine  
  137  7:53  Factory Reactor  
  136  8:00  Marine x2  
  136  8:02  Siege Tank  
  123  8:06  Marine x4  
  123  8:07  Marine  
  123  8:08  Marine x2  
  125  8:16  Factory Tech Lab  
  125  8:18  Marine x2  
  127  8:24  Marine x3, Barracks x2  
  127  8:26  Terran Infantry Armor Level 2  
  128  8:27  Marine  
  128  8:28  Marine  
  128  8:29  Marine x2  
  132  8:34  Siege Tank  
  132  8:35  Terran Vehicle Weapons Level 1  
  132  8:36  Marine x2  
  132  8:37  Siege Tank  
  140  8:41  Marine  
  140  8:42  Marine  
  140  8:43  Marine  
  140  8:45  Marine x2  
  140  8:47  Marine x2  
  147  8:48  Barracks  
  147  8:53  Marine  
  147  8:54  Marine  
  149  8:58  Liberator  
  149  8:59  Liberator, Marine x2  
  149  9:01  Marine  
  158  9:03  Marine x2  
  158  9:06  Siege Tank  
  158  9:08  SCV x3  
  165  9:12  Siege Tank  
  165  9:13  Barracks Tech Lab  
  165  9:14  Barracks Tech Lab  
  168  9:20  SCV x3  
  168  9:22  Marauder  
  172  9:24  Marine  
  172  9:25  Marine  
  172  9:26  Marine x2  
  172  9:30  Refinery  
  174  9:32  SCV x3  
  174  9:35  Barracks Tech Lab, Refinery  
  174  9:37  Marine x5  
  174  9:38  Marauder, Siege Tank  
  173  9:42  Ghost Academy  
  173  9:43  Planetary Fortress  
  173  9:44  SCV, Siege Tank  
  180  9:49  Marine  
  180  9:55  Marine  
  164  10:02  Marine x3  
  164  10:06  Marauder  
  151  10:08  Marine x2  
  151  10:11  SCV x3, Siege Tank  
  151  10:12  Marine  
  155  10:16  Siege Tank  
  155  10:17  Marine x2  
  152  10:21  Marauder, Marine x2  
  152  10:22  Marine  
  152  10:23  SCV  
  152  10:24  Medivac  
  154  10:28  Medivac  
  154  10:29  Marauder x3  
  154  10:33  Marine x2  
  164  10:38  Sensor Tower  
  164  10:40  Concussive Shells  
  164  10:41  Supply Depot, Marine x2  
  168  10:43  Marauder, Siege Tank, Marine x2  
  168  10:44  Supply Depot  
  168  10:47  Marine x2  
  168  10:48  Siege Tank  
  178  10:50  Marine x2  
  178  10:53  Terran Infantry Weapons Level 3  
  161  11:08  Marauder  
  161  11:11  Marine x6  
  154  11:12  Marine  
  154  11:13  Medivac  
  154  11:14  Medivac  
  154  11:15  Marauder, Siege Tank  
  154  11:16  Marauder  
  171  11:20  Marauder, Siege Tank  
  171  11:21  SCV x2  
  171  11:24  Marine  
  179  11:28  Marine  
  179  11:29  Marauder, Marine x3  
  184  11:35  Terran Infantry Armor Level 3  
  184  11:36  Marine x3  
  185  11:45  Marauder  
  185  11:46  Marine  
  182  11:47  Ghost x2  
  182  11:51  Marine x2  
  188  11:59  Marine x2  
  190  12:09  Ghost x2  
  190  12:14  Command Center  
  194  12:16  Marauder, Command Center, Ghost  
  194  12:19  Marine  
  194  12:20  Marine  
  198  12:31  Missile Turret  
  198  12:38  Marauder  
  198  12:43  Missile Turret, Command Center  
  190  12:44  Terran Vehicle And Ship Armor Level 1  
  184  12:54  Marauder x2, Ghost  
  184  12:55  Marine  
  184  12:57  Marine  
  190  12:58  Ghost  
  190  12:59  Missile Turret, Marine x2  
  190  13:01  Marine x3  
  190  13:02  Marine  
  190  13:04  Sensor Tower  
  195  13:07  Supply Depot  
  195  13:10  Missile Turret  
  188  13:13  Marine  
  188  13:15  Marine, Ghost x2  
  192  13:23  Marauder  
  192  13:26  Orbital Command  
  185  13:28  Marauder  
  175  13:39  Siege Tank x2  
  175  13:40  Medivac  
  181  13:43  Medivac, Ghost  
  181  13:44  Ghost x2  
  182  13:48  Ghost  
  184  13:58  Orbital Command  
  178  14:09  Planetary Fortress  
  178  14:11  Siege Tank  
  178  14:12  Factory Tech Lab, Ghost x3  
  178  14:16  Marine  
  188  14:17  Sensor Tower  
  188  14:18  Marine x2  
  190  14:24  Ghost  
  190  14:31  Marine x4  
  160  14:38  Marine x2  
  160  14:40  Ghost  
  160  14:41  Ghost, Marine x2  
  160  14:46  Marine  
  160  14:48  Marine  
  160  14:49  Marine x2  
  158  14:53  Ghost  
  160  15:03  Ghost  
  160  15:05  Medivac x2  
  166  15:07  Marine  
  166  15:08  Marine  
  166  15:09  Ghost  
  166  15:13  Siege Tank  
  173  15:16  Siege Tank  
  173  15:20  Personal Cloaking  
  176  15:24  Ghost  
  178  15:30  Marine x2  
  178  15:32  Marine  
  178  15:33  Marine  
  178  15:43  Marine x6  
  178  15:45  Siege Tank  
  180  15:52  Orbital Command  
  180  15:55  Marine  
  180  15:56  Marine  
  174  15:58  Ghost x2  
  174  16:00  Marine  
  174  16:01  Marine  
  162  16:10  Marine  
  148  16:11  Marine x2  
  148  16:12  Marine  
  148  16:15  Marine  
  148  16:16  Marine  
  141  16:23  Marine  
  141  16:24  Ghost  
  139  16:26  Marine  
  139  16:32  Factory Tech Lab  
  140  16:35  Siege Tank  
  140  16:37  Marine  
  140  16:39  Marine  
  145  16:42  Marine  
  145  16:46  Marine  
  142  16:50  Marine x2  
  142  16:52  Marine  
  142  16:53  Marine  
  144  16:56  Marine  
  144  17:00  Marine  
  136  17:10  Marine x2  
  134  17:25  Marine x3  
  134  17:27  Marine x2  
  139  17:32  Medivac x2  
  139  17:35  Marine  
  125  17:39  Marine x2  
  125  17:45  Marine  
  125  17:46  Marine  
Show
View Real Time Build Order
Export as new Build Order

Vanya Zerg 

Build Orders: Hatch First, Lurkers 

Get SALT Encoding   

  12  0:00  Drone  
  13  0:12  Overlord  
  13  0:17  Drone  
  14  0:30  Drone x2  
  16  0:47  Hatchery  
  15  0:50  Drone  
  15  0:55  Drone  
  17  0:58  Drone  
  18  1:08  Extractor  
  17  1:12  Spawning Pool  
  17  1:15  Drone  
  17  1:19  Drone  
  18  1:28  Drone  
  19  1:38  Drone  
  20  1:49  Drone  
  21  1:59  Queen x2  
  21  2:00  Zergling x4  
  27  2:11  Overlord  
  27  2:12  Drone  
  28  2:22  Hatchery  
  27  2:24  Drone  
  27  2:29  Metabolic Boost  
  28  2:36  Spore Crawler  
  28  2:37  Drone  
  28  2:39  Drone  
  28  2:40  Drone  
  31  2:46  Queen  
  31  2:50  Overlord  
  33  2:54  Drone  
  33  2:55  Drone  
  35  2:59  Drone  
  36  3:10  Drone x2  
  36  3:11  Drone x2, Overlord  
  40  3:18  Queen  
  42  3:20  Drone  
  42  3:23  Drone  
  44  3:29  Queen  
  44  3:32  Zergling x4  
  48  3:36  Queen  
  48  3:38  Drone  
  51  3:42  Overlord  
  51  3:45  Drone  
  51  3:47  Overlord  
  51  3:48  Drone  
  53  3:51  Drone x2  
  55  3:58  Drone x3  
  58  4:04  Overlord  
  58  4:05  Drone x2  
  58  4:08  Queen  
  62  4:10  Zergling x4  
  62  4:15  Overlord  
  64  4:20  Drone  
  64  4:21  Evolution Chamber x2  
  64  4:22  Drone  
  64  4:23  Drone  
  65  4:24  Drone  
  65  4:25  Drone  
  65  4:28  Drone  
  65  4:29  Drone  
  65  4:30  Drone  
  70  4:33  Overlord  
  70  4:34  Drone  
  70  4:35  Drone  
  72  4:39  Drone x2, Extractor  
  72  4:40  Drone  
  72  4:41  Drone  
  72  4:45  Drone x2  
  77  4:49  Zerg Melee Weapons Level 1  
  77  4:50  Zerg Ground Armor Level 1  
  77  4:53  Drone x2  
  77  4:57  Overlord  
  77  4:58  Drone  
  80  5:08  Hatchery  
  80  5:09  Lair  
  80  5:10  Zergling x8  
  83  5:16  Zergling x6  
  83  5:17  Baneling Nest  
  85  5:22  Extractor  
  85  5:23  Drone x3  
  85  5:24  Extractor  
  85  5:26  Zergling x8  
  90  5:30  Overlord  
  90  5:32  Drone x4  
  90  5:33  Zergling x4  
  90  5:34  Extractor  
  95  5:36  Overlord  
  95  5:41  Zergling x4  
  97  5:48  Overlord  
  97  5:49  Zergling x2  
  98  5:53  Overlord  
  98  6:01  Drone x5  
  98  6:03  Baneling x2  
  98  6:04  Baneling x3  
  101  6:06  Drone x3  
  101  6:09  Centrifugal Hooks  
  101  6:11  Baneling x5  
  104  6:12  Zergling x10  
  104  6:17  Hydralisk Den  
  108  6:19  Zergling x2  
  108  6:20  Zergling x4  
  106  6:30  Zergling x2  
  106  6:31  Zergling x16  
  115  6:36  Drone  
  115  6:38  Baneling x6  
  115  6:39  Zergling x2  
  117  6:45  Zergling x10  
  118  6:50  Zerg Ground Armor Level 2  
  118  6:51  Zergling x2  
  119  6:55  Overlord  
  119  6:57  Zergling x6  
  119  7:03  Zergling x2  
  119  7:04  Zergling x8  
  119  7:08  Grooved Spines  
  122  7:11  Hydralisk  
  122  7:12  Hydralisk x3  
  122  7:14  Zergling x12  
  134  7:21  Hydralisk x2  
  128  7:24  Hydralisk  
  128  7:26  Zergling x4  
  132  7:35  Zergling x10  
  130  7:37  Hydralisk x3  
  130  7:38  Overlord  
  130  7:39  Overlord x3  
  136  7:46  Overlord x2  
  136  7:48  Zerg Missile Weapons Level 1  
  136  7:51  Overlord  
  136  7:57  Hydralisk x4  
  134  7:58  Zergling x6  
  134  8:02  Hydralisk  
  134  8:05  Hydralisk  
  126  8:06  Zergling x6  
  129  8:14  Zergling x8  
  129  8:18  Baneling x8  
  132  8:21  Zergling x14  
  139  8:30  Zergling x12  
  139  8:31  Baneling x7  
  145  8:35  Zergling x2  
  145  8:37  Hatchery  
  145  8:44  Zergling x8  
  149  8:49  Zergling x14  
  149  8:50  Baneling  
  149  8:51  Baneling x9  
  150  8:58  Zergling x2  
  150  8:59  Zergling x16  
  159  9:05  Zergling x4  
  160  9:10  Hydralisk x2, Muscular Augments  
  160  9:16  Overseer  
  164  9:17  Zergling x4  
  164  9:18  Zergling x14  
  164  9:23  Hydralisk x4  
  181  9:29  Drone x4  
  181  9:31  Extractor  
  181  9:32  Infestation Pit, Drone  
  181  9:33  Drone, Extractor  
  181  9:34  Extractor  
  176  9:38  Drone x2  
  176  9:39  Drone  
  176  9:43  Lurker Den  
  178  9:46  Drone x3  
  178  9:48  Drone x2  
  179  9:58  Hydralisk x5  
  170  10:03  Zergling x2  
  170  10:04  Zergling x12  
  168  10:08  Hydralisk x2  
  162  10:17  Hive  
  162  10:20  Zergling x18  
  160  10:23  Zergling x2  
  160  10:24  Zergling x6  
  160  10:25  Zerg Missile Weapons Level 2  
  160  10:27  Queen  
  158  10:30  Baneling x8  
  158  10:31  Baneling x3  
  158  10:33  Drone x2, Zergling x6  
  158  10:34  Zergling x2  
  164  10:40  Zergling x12  
  170  10:44  Lurker x3  
  170  10:47  Drone x3  
  170  10:48  Drone, Extractor x2  
  170  10:49  Drone  
  176  10:52  Overlord  
  176  10:56  Drone x3  
  179  11:02  Zergling x6  
  179  11:03  Zergling x12  
  176  11:08  Zergling x10  
  175  11:18  Zerg Melee Weapons Level 2  
  175  11:22  Drone x2  
  177  11:27  Hydralisk x3  
  177  11:29  Lurker x3, Spine Crawler  
  177  11:30  Seismic Spines  
  177  11:32  Overlord  
  183  11:34  Spore Crawler  
  183  11:35  Zergling x2  
  183  11:36  Zergling x8  
  180  11:42  Adrenal Glands  
  180  11:43  Viper  
  174  11:58  Lurker x3  
  174  11:59  Lurker  
  178  12:03  Zergling x16, Hatchery  
  184  12:09  Drone  
  184  12:10  Drone  
  184  12:14  Overlord  
  186  12:16  Zergling x14  
  186  12:19  Zergling x6  
  184  12:24  Lurker x5  
  184  12:27  Adaptive Talons  
  189  12:34  Zergling x20  
  194  12:38  Hydralisk x3  
  194  12:41  Zerg Ground Armor Level 3  
  191  12:48  Zergling x20  
  198  12:55  Zergling x8  
  193  13:01  Zergling x18  
  199  13:10  Overlord x2  
  199  13:12  Overlord  
  189  13:25  Hydralisk x8  
  189  13:26  Zergling x8  
  188  13:31  Lurker x2  
  188  13:32  Lurker x2  
  189  13:39  Zergling x8  
  189  13:40  Zergling x10  
  189  13:43  Overseer  
  189  13:44  Pneumatized Carapace  
  189  13:47  Drone x3  
  185  13:51  Zergling x16  
  187  13:57  Zerg Melee Weapons Level 3  
  187  14:00  Zergling x12  
  180  14:03  Overseer  
  180  14:05  Zergling x10  
  185  14:14  Lurker x8  
  193  14:18  Zergling x12  
  193  14:29  Zergling x24  
  194  14:35  Zergling x2  
  194  14:36  Zergling x14  
  184  14:42  Hydralisk x3  
  184  14:45  Hydralisk x3  
  177  14:49  Overseer  
  177  14:50  Zergling x2  
  177  14:51  Zergling x10  
  161  15:01  Zergling x2  
  161  15:02  Zergling x24  
  165  15:08  Zergling x14  
  172  15:14  Lurker  
  172  15:15  Lurker x5  
  178  15:21  Hydralisk x3  
  178  15:22  Hydralisk x2  
  188  15:29  Zergling x14  
  188  15:31  Overseer  
  188  15:35  Zergling x10  
  181  15:45  Zergling x20  
  181  15:47  Hydralisk  
  187  15:56  Zergling x18  
  190  16:00  Zergling x10  
  174  16:05  Hydralisk x4  
  174  16:10  Zergling x8  
  153  16:24  Zergling x14  
  160  16:31  Baneling x11  
  160  16:35  Lurker  
  160  16:36  Lurker x4  
  165  16:43  Zergling x2  
  165  16:44  Zergling x14  
  165  16:45  Hatchery  
  163  16:47  Hydralisk  
  163  16:48  Hydralisk  
  163  16:52  Zergling x10  
  169  16:57  Zergling x10  
  168  17:04  Zergling x6  
  167  17:13  Overseer x2  
  167  17:14  Hydralisk x5  
  141  17:24  Zergling x14  
  148  17:33  Hydralisk  
  148  17:34  Hydralisk x3  
  140  17:40  Zergling x12  
  140  17:43  Overlord  
  131  17:44  Lurker x4  

Tags
 
Add a new tag
Caveats
  • Supply blocks, unpowered buildings, or Contaminate may cause inaccurate times.
  • Supply counts are checked every 10 seconds.